 Dungeon Crawl Stone Soup version 0.31-a0-1074-g0b22e4e0f1 (webtiles) character file.

Game seed: 14766177172002524958

476 monsoonserge the Ruffian (level 7, -3/43 HPs)
             Began as an Octopode Shapeshifter on Nov 30, 2023.
             Slain by a gnoll
             ... wielding a +0 club
              (10 damage)
             ... on level 3 of the Dungeon.
             The game lasted 00:12:37 (3572 turns).

monsoonserge the Ruffian (Octopode Shapeshifter)    Turns: 3572, Time: 00:12:37

Health: -3/43      AC:  1    Str: 16    XL:     7   Next: 10%
Magic:  7/7        EV: 13    Int: 12    God:
Gold:   38         SH:  0    Dex: 11    Spells: 6/6 levels left

rFire   . .          .
                       - Unarmed
rCold   . . .        (no shield)
rNeg    . . .        (helmet currently unavailable)
rPois   .            (no amulet)
rElec   .            (no ring)
rCorr   .            (no ring)
SInv    .            (no ring)
Will    .....        (no ring)
Stlth   ++           (no ring)
HPRegen 0.27/turn    (no ring)
MPRegen 0.10/turn    (no ring)
                     (no ring)

%: no passive effects
@: beast-form
A: beast (slay +2), almost no armour, amphibious, 8 rings, camouflage 1,
gelatinous body 1, (nimble swimmer 1), tentacles
a: Begin Untransformation


You were on level 3 of the Dungeon.
You were a hulking beast.
You visited 1 branch of the dungeon, and saw 5 of its levels.

You collected 222 gold pieces.
You spent 184 gold pieces at shops.

Inventory:

Missiles
 e - 3 javelins
 s - 7 poisoned darts (quivered)
 y - a curare-tipped dart
Magical Staves
 n - a staff of earth
Jewellery
 h - a ring of magical power
Talismans
 b - a beast talisman
 c - a flux talisman
 u - a serpent talisman
Scrolls
 d - a scroll of summoning {unknown}
 f - 3 scrolls of revelation {unknown}
 i - a scroll of amnesia {unknown}
 k - a scroll of noise {unknown}
 p - a scroll of poison {unknown}
 t - 3 scrolls of teleportation {unknown}
 w - 2 scrolls of identify {unknown}
 x - a scroll of blinking {unknown}
Potions
 a - a potion of lignification
 g - 3 potions of curing
 j - a potion of brilliance {unknown}
 l - a potion of degeneration {unknown}
 m - 2 potions of attraction {unknown}
 o - 2 potions of might {unknown}
 q - a potion of mutation {unknown}
 r - 2 potions of resistance {unknown}
 v - 2 potions of cancellation {unknown}


   Skills:
 + Level 1.3 Fighting
 + Level 2.4 Dodging
 - Level 1.0 Stealth
 + Level 6.2 Unarmed Combat
 + Level 4.9 Shapeshifting


You had 6 spell levels left.
You didn't know any spells.
Your spell library contained the following spells:

 Spells                   Type           Power      Damage    Failure   Level
 Slow                     Hex            0%         N/A       32%         1
 Confusing Touch          Hex            0%         N/A       69%         3
 Inner Flame              Hex/Fire       0%         N/A       69%         3
 Sigil of Binding         Hex            0%         N/A       69%         3
 Vampiric Draining        Necr           0%         2d6       69%         3
 Flame Wave               Conj/Fire      0%         2d4       97%         4
 Sticky Flame             Conj/Fire      0%         2d3       97%         4


Dungeon Overview and Level Annotations

Branches:
Dungeon (5/15)
 Temple: D:4-7

Altars:
Hepliaklqana

Shops:
D:1 ![==*   D:4 =

Annotations:
D:5 Eustachio


Innate Abilities, Weirdness & Mutations

You are a hulking beast.
Your limbs bulge with bestial killing power. (Slay +2)
You cannot wear most types of armour.
You are amphibious.
You can wear up to eight rings at the same time.
Your skin changes colour to match your surroundings (Stealth+).
Your rubbery body absorbs attacks. (AC +1, EV +1)
((You are camouflaged when in or above water. (Stealth+)))
You have tentacles for arms and can constrict up to eight enemies at once.


Message History

Things that are here:
a +0 club; a kobold corpse You see here a +0 club.
There is an open door here.
You open the door. 3 hobgoblins, 2 kobolds and 4 gnolls come into view.
Found 107 gold pieces.
The hobgoblin shouts!
The kobold shouts!
The gnoll shouts! x2
The hobgoblin shouts!
The gnoll shouts!
The gnoll closely misses you. The hobgoblin hits you.
The kobold closely misses you. The gnoll misses you.
There is an open door here.
You tentacle-slap the kobold.
You kill the kobold!
The gnoll hits you from afar with a +0 spear.
The hobgoblin hits you. The gnoll closely misses you.
The hobgoblin attacks as it pursues you!
The hobgoblin hits you. The gnoll attacks as it pursues you!
The gnoll closely misses you.
You closely miss the hobgoblin. You grab the hobgoblin.
You constrict the hobgoblin. The gnoll closely misses you.
The hobgoblin hits you.
You tentacle-slap the hobgoblin.
You kill the hobgoblin!
The gnoll hits you from afar with a +0 spear.
You bludgeon the gnoll! You grab the gnoll.
The gnoll is severely wounded.
You constrict the gnoll. You tentacle-slap the gnoll.
You kill the gnoll!
The gnoll hits you from afar with a +0 spear!
* * * LOW HITPOINT WARNING * * *
Unknown command.
You feel better. The gnoll hits you with a +0 club.
The gnoll hits you from afar with a +0 spear.
* * * LOW HITPOINT WARNING * * *
Okay, then.
You tentacle-slap the gnoll but do no damage.
Your grab misses the gnoll. The gnoll hits you with a +0 club!
You die...

####≈≈≈≈≈≈≈≈≈≈≈≈≈≈≈≈≈≈≈≈≈
##≈≈≈≈#####≈≈≈≈≈≈≈≈≈≈≈≈≈≈≈
##≈≈≈≈≈#...################
#≈≈≈≈≈≈#.))#..............#
##≈≈≈≈≈≈#.).#..)...........'
#≈≈≈≈≈≈≈##'##..............#
##≈≈≈≈≈≈≈≈#......########....
#≈≈≈≈≈≈≈≈≈#......# #....
#≈≈≈≈≈≈≈≈≈#.h....########....
##≈≈≈≈≈≈≈≈##g##.(............#
#≈≈≈≈≈≈≈≈≈#Kg$#..............'
#≈≈≈≈≈≈≈≈≈#$g$#..............#
#≈≈≈≈≈≈≈≈≈#$$$################
#≈≈≈≈≈≈≈≈≈#####≈≈≈≈≈≈≈≈≈≈≈≈≈≈≈
#≈≈≈≈≈≈≈≈≈≈≈≈≈≈≈≈≈≈≈≈†~≈≈≈≈≈≈≈
#~~~~~))~~)~~~~~~~~≈~~~~~~~~~~
#~~~~.~.~~~~~.~~~~.~.~~~~~...~


You could see 3 gnolls and a kobold.

Vanquished Creatures
  2 kobold brigands (D:3)
  2 jellies
  An orc priest (D:4)
  An iguana (D:4)
  An orc wizard (D:4)
  4 adders
  7 gnolls (D:3)
  A worm (D:3)
  A dart slug (D:2)
  4 orcs
  3 bats
  6 endoplasms
  A giant cockroach (D:1)
  13 goblins
  8 hobgoblins
  7 jackals
  13 kobolds
  4 quokkas
  4 ball pythons
  5 frilled lizards
  4 rats
92 creatures vanquished.

Notes
Turn   | Place    | Note
-------+----------+-------------------------------------------
     0 | D:1      | monsoonserge the Octopode Shapeshifter began the quest for
                  | the Orb.
     0 | D:1      | Reached XP level 1. HP: 13/13 MP: 1/1
    18 | D:1      | Found Suenu's Jewellery Shoppe.
    70 | D:1      | Found Feidiad's Assorted Antiques.
   164 | D:1      | Reached XP level 2. HP: 18/18 MP: 2/2
   237 | D:1      | Found a faded altar of an unknown god.
   339 | D:1      | Found Qaasyag's Jewellery Shoppe.
   394 | D:1      | Found Jostavvu's Distillery.
   623 | D:1      | Found Qaisaoja's Armour Emporium.
   698 | D:1      | Bought a scroll labelled KAZ HUQAETI for 25 gold pieces
   698 | D:1      | Bought a fuming cyan potion for 22 gold pieces
   709 | D:2      | Reached XP level 3. HP: 23/23 MP: 3/3
  1078 | D:2      | Reached XP level 4. HP: 10/28 MP: 4/4
  1234 | D:1      | Bought 2 sedimented clear potions for 45 gold pieces
  1550 | D:1      | Bought a scroll labelled MISOSTRI EXAQOO for 25 gold pieces
  1550 | D:1      | Bought a scroll labelled MISOSTRI EXAQOO for 25 gold pieces
  1636 | D:3      | Found a hazy altar of Hepliaklqana.
  2090 | D:4      | Reached skill level 1 in Stealth
  2092 | D:4      | Reached skill level 4 in Unarmed Combat
  2092 | D:4      | Reached XP level 5. HP: 9/33 MP: 5/5
  2202 | D:4      | Noticed an ogre
  2378 | D:4      | Found Rinno's Jewellery Shop.
  2731 | D:5      | Entered Level 5 of the Dungeon
  2737 | D:5      | Reached skill level 5 in Unarmed Combat
  2737 | D:5      | Reached XP level 6. HP: 36/38 MP: 6/6
  2738 | D:5      | Noticed Eustachio
  2831 | D:1      | Bought a potion of curing for 42 gold pieces
  3490 | D:3      | Reached skill level 6 in Unarmed Combat
  3490 | D:3      | Reached XP level 7. HP: 38/43 MP: 7/7
  3572 | D:3      | Slain by a gnoll

Illustrated notes

Levels and vault maps discovered:
D:1:      spicycebolla_arrival_clurvy, layout_loops_cross,
          hellmonk_ecumenical_altar_crossroads, serial_shops, shop, shop,
          nicolae_lakefront_shop, shop, shop
D:2:      layout_rooms, grunt_ministairs_11, chequers_serial_rivers_micro_d
D:3:      minmay_goblin_kobold_castle, layout_loops_corners,
          worldfamousw_hep_ancestral_shrine
D:4:      layout_loops_ring, serial_shops, shop, grunt_decor_arrowhead
D:5:      layout_gridville, nicolae_figureground_pulse, uniq_eustachio

Skill      XL: |  1  2  3  4  5  6 |
---------------+-------------------+-----
Shapeshifting  | 4 |  4.9
Stealth        | 1 |  1.0
Unarmed Combat | 4 5 6 |  6.2
Fighting       | |  1.3
Dodging        | |  2.4

Action                     |  1- 3 |  4- 6 |  7- 9 || total
---------------------------+-------+-------+-------++-------
  Melee: Unarmed           |    57 |    96 |    15 ||   168
         Constrict         |    15 |    25 |     4 ||    44
         Tentacles         |    13 |    20 |     1 ||    34
         Punch             |     2 |     7 |       ||     9
    Use: Potion            |       |       |     1 ||     1
   Stab: Sleeping          |    11 |     4 |     1 ||    16
 Armour: Skin              |    24 |    35 |    14 ||    73
  Dodge: Dodged            |    22 |    40 |    11 ||    73

Table legend: (Time is in decaauts)
 A = Elapsed time spent in this place.
 B = Non-inter-level travel time spent in this place.
 C = Inter-level travel time spent in this place.
 D = Time resting spent in this place.
 E = Time spent auto-exploring this place.
 F = Levels seen in this place.
 G = Mean time per level.
                   A        B        C        D        E       F      G
               +--------+--------+--------+--------+--------+-----+--------+
         Total |   3563 |   3147 |    416 |    327 |   1095 |   5 |  712.6 |
       Dungeon |   3563 |   3147 |    416 |    327 |   1095 |   5 |  712.6 |
               +--------+--------+--------+--------+--------+-----+--------+

Top non-repeatable levels by time:
     D:3: 1229 daAuts
     D:2: 818 daAuts
     D:1: 773 daAuts
     D:4: 731 daAuts
     D:5: 11 daAuts
